 Dungeon Crawl Stone Soup version 0.17-a0-1987-gaf5a542 (webtiles) character file.

2692 tp1 the Basher (level 9, -6/76 HPs)
             Began as a Gargoyle Berserker on Oct 6, 2015.
             Was a High Priest of Trog.
             Mangled by an orc warrior
             ... wielding a +0 war axe
              (12 damage)
             ... in a bailey.
             The game lasted 00:44:21 (5856 turns).

tp1 the Basher (Gargoyle Berserker)                 Turns: 5856, Time: 00:44:21

Health: -6/76      AC: 20    Str: 28    XL:     9   Next: 65%
Magic:  9/9        EV: 11    Int:  9    God:    Trog [*****.]
Gold:   342        SH:  0    Dex:  9    Spells: 0 memorised, 8 levels left

rFire  + . .     SeeInvis .     x - +0 morningstar
rCold  . . .     Clarity  .     J - +4 scale mail
rNeg   + + .     SustAt   .     (no shield)
rPois  ∞         Gourm    .     s - +0 helmet
rElec  +         Spirit   .     (no cloak)
rCorr  .         Warding  .     u - +0 pair of gloves
rMut   .         Stasis   .     (no boots)
MR     .....                    (no amulet)
Stlth  ..........               e - ring of positive energy (curse)
                                m - ring of protection from fire

@: berserking (expiring), flying, very quick, not resistant to hostile
enchantments, extremely unstealthy
A: negative energy resistance 1, electricity resistance, unbreathing,
petrification resistance, rot immunity, AC +5
a: Burn Spellbooks, Berserk, Trog's Hand, Brothers in Arms, Renounce Religion


You were in a bailey.
You worshipped Trog.
Trog was extremely pleased with you.
You were not hungry.

You visited 1 branch of the dungeon, and saw 7 of its levels.
You also visited: Sewer and Bailey.

You collected 342 gold pieces.

Inventory:

Hand Weapons
 g - a +1 mace of venom
 x - a +0 morningstar (weapon)
 y - a +0 war axe
 I - a +1 flail of protection
Armour
 b - a +0 animal skin
 l - a +0 chain mail
 r - a +0 pair of gloves
 s - a +0 helmet (worn)
 u - a +0 pair of gloves (worn)
 w - a +0 scale mail of fire resistance
 J - a +4 scale mail (worn)
 N - a +0 plate armour
Jewellery
 e - a cursed ring of positive energy (right hand)
 m - a ring of protection from fire (left hand)
 P - an uncursed ring of magical power {unknown}
Wands
 t - a wand of confusion (48)
Scrolls
 a - 2 scrolls of remove curse
 d - 3 scrolls of teleportation
 f - a scroll of fog {unknown}
 j - 4 scrolls of enchant weapon {unknown}
 k - 2 scrolls of recharging
 B - 4 scrolls of identify
 E - a scroll of magic mapping {unknown}
 H - 2 scrolls of blinking {unknown}
 O - 2 scrolls of enchant armour {unknown}
 Q - a scroll of torment {unknown}
Potions
 h - a potion of ambrosia {unknown}
 n - a potion of cure mutation
 o - 2 potions of cancellation {unknown}
 q - a potion of magic {unknown}
 z - 5 potions of curing {unknown}
 A - a potion of brilliance {unknown}
 F - 2 potions of degeneration {unknown}
 G - 4 potions of haste {unknown}
 K - 3 potions of flight
 L - a potion of heal wounds {unknown}
 M - a potion of might {unknown}
 R - a potion of invisibility {unknown}
Comestibles
 c - 3 bread rations
 i - a royal jelly
 p - 5 meat rations
 v - 4 beef jerkies
 C - a slice of pizza
 D - 4 fruits


   Skills:
 - Level 3.4 Fighting
 - Level 4.6(7.6) Axes
 + Level 10.2(10.7) Maces & Flails
 - Level 7.1 Armour
 - Level 2.0 Dodging


You had 8 spell levels left.
You didn't know any spells.

Dungeon Overview and Level Annotations

Branches:
Dungeon (7/15)             Temple (0/1) D:4

Altars:
Kikubaaqudgha
Nemelex Xobeh
Qazlal
Ru
Xom

Shops:
D:4 !


Innate Abilities, Weirdness & Mutations

You are resistant to torment.
Your stone body is resilient (AC +5).
You are immune to poison.
You resist negative energy.
You are resistant to electric shocks.
You can survive without breathing.
You are immune to petrification.
You are immune to rotting.


Message History

You bludgeon the orc warrior!!
You kill the orc warrior!
Trog accepts your kill.
Your Maces & Flails skill increases to level 10!
The hobgoblin barely misses you.
The orc warrior throws a stone.
The stone hits you.
The orc warrior hits you but does no damage.
You barely miss the orc warrior. You barely miss the orc warrior.
The hobgoblin barely misses you.
The orc warrior hits you with a war axe.
You puncture the orc warrior!
The orc warrior is moderately wounded.
The orc warrior hits you with a battleaxe!
* * * LOW HITPOINT WARNING * * *
You bludgeon the orc warrior!!
You kill the orc warrior!
Trog accepts your kill.
The hobgoblin hits you but does no damage.
The orc warrior hits you with a war axe!
You die...

.......#### .........##
##'#.........## #..#
...⌠..... #..# #.......
###..' #.....## K.
....###.g)o..#≈≈≈ ###'##
#..#...)@.≈≈≈≈≈≈
#...go..####.≈≈≈≈≈≈≈≈≈≈#
#..gggo.#∩≈≈≈≈≈≈≈....###
#########≈≈≈≈≈......##
≈≈≈≈≈≈≈≈≈≈≈≈......(##
≈≈≈≈≈≈≈≈≈........###
#.........(...####
#..∩..(((.####
##..(.(((###


You could see an orc warrior and a hobgoblin.

Vanquished Creatures
  The ghost of FurryRage the Skirmisher, an amateur DsAK of Lugonu (D:5)
  Edmund (D:6)
  Duvessa (D:4)
  4 orc warriors
  3 sky beasts
  A phantom (D:4)
  A centaur (D:5)
  An ogre (D:6)
  An ice beast (D:5)
  2 big kobolds (Sewer)
  4 giant frogs
  Dowan (D:4)
  2 scorpions
  2 crimson imps
  A hound (D:7)
  Ijyb (D:3)
  2 orc priests
  4 orc wizards
  A centaur skeleton (D:6)
  A killer bee zombie (D:7)
  A worker ant zombie (D:7)
  Robin (D:3)
  7 adders
  11 gnolls
  4 river rats (Sewer)
  2 shadow imps
  3 oozes (Sewer)
  An adder skeleton (D:5)
  5 worms
  2 giant geckos (D:3)
  24 orcs
  11 bats
  13 giant cockroaches
  8 hobgoblins
  8 jackals (D:4)
  13 kobolds
  7 quokkas
  3 ball pythons (Sewer)
  6 giant newts
  22 goblins
  A quokka skeleton (D:4)
  12 rats
200 creatures vanquished.

Notes
Turn   | Place    | Note
--------------------------------------------------------------
     0 | D:1      | tp1 the Gargoyle Berserker began the quest for the Orb.
     0 | D:1      | Reached XP level 1. HP: 14/14 MP: 1/1
    59 | D:1      | Reached XP level 2. HP: 14/19 MP: 2/2
   669 | D:2      | Reached XP level 3. HP: 15/23 MP: 3/3
   711 | D:2      | Acquired Trog's second power
   835 | D:2      | Reached skill level 1 in Maces & Flails
   837 | D:2      | Reached XP level 4. HP: 14/28 MP: 4/4
  1210 | D:2      | Found a shimmering altar of Xom.
  1424 | D:3      | Noticed Robin
  1444 | D:3      | Killed Robin
  1444 | D:3      | Reached skill level 4 in Axes
  1444 | D:3      | Reached XP level 5. HP: 29/32 MP: 5/5
  1490 | D:3      | You fall through a shaft for 2 floors!
  1490 | D:5      | Entered Level 5 of the Dungeon
  1513 | D:5      | Noticed a sky beast
  1525 | D:5      | Killed a sky beast
  1547 | D:3      | Noticed Ijyb
  1560 | D:3      | Killed Ijyb
  1560 | D:3      | Reached XP level 6. HP: 37/37 MP: 6/6
  1588 | D:3      | Noticed a giant frog
  1603 | D:3      | Killed a giant frog
  1865 | D:3      | Found an ancient bone altar of Kikubaaqudgha.
  1865 | D:3      | Found a sacrificial altar of Ru.
  2449 | D:4      | Found Casaes's Distillery.
  2668 | D:4      | Found a staircase to the Ecumenical Temple.
  2708 | D:4      | Acquired Trog's third power
  2718 | D:4      | Reached skill level 5 in Armour
  2723 | D:4      | Reached XP level 7. HP: 35/41 MP: 7/7
  2766 | D:4      | Noticed Duvessa
  2766 | D:4      | Noticed Dowan
  2775 | D:4      | Killed Duvessa
  2783 | D:4      | Killed Dowan
  2783 | D:4      | Reached skill level 6 in Armour
  3173 | D:4      | Noticed a phantom
  3208 | D:4      | Killed a phantom
  3448 | D:5      | Reached skill level 7 in Armour
  3499 | D:5      | Noticed FurryRage's ghost (amateur DsAK)
  3514 | D:5      | Killed FurryRage's ghost
  3514 | D:5      | Reached XP level 8. HP: 46/46 MP: 8/8
  3550 | D:5      | Found a stormy altar of Qazlal.
  3636 | D:5      | Noticed an ice beast
  3645 | D:5      | Killed an ice beast
  3645 | D:5      | Reached skill level 5 in Maces & Flails
  3854 | D:5      | Noticed a centaur
  3863 | D:5      | Killed a centaur
  4133 | D:6      | Noticed Edmund
  4149 | D:6      | Killed Edmund
  4430 | D:6      | Reached XP level 9. HP: 51/51 MP: 9/9
  4439 | D:6      | Found a sparkling altar of Nemelex Xobeh.
  4553 | D:6      | Found a glowing drain.
  4568 | Sewer    | Entered a sewer
  4648 | Sewer    | Reached skill level 8 in Maces & Flails
  5162 | D:7      | Reached skill level 9 in Maces & Flails
  5660 | D:7      | Found a flagged portal.
  5667 | Bailey   | Entered a bailey
  5816 | Bailey   | Noticed an orc knight
  5852 | Bailey   | Reached skill level 10 in Maces & Flails
  5856 | Bailey   | Mangled by an orc warrior

Vault maps used:
D:1:      dpeg_arrival_subterranean_lakeside_camping
D:2:      wad_pebble_path, xom_teletrap_fun
D:3:      gammafunk_temple_overflow_elements, kennysheep_boxes, uniq_iyjb,
          uniq_robin
D:4:      kennysheep_goblin_castle, minmay_temple_entry_crystal_x,
          serial_co_window_serial, co_window_corner_a, co_window_corner_a,
          co_window_cross_1, co_window_paths_a, co_window_of_opportunity_a,
          co_window_of_opportunity_a, co_window_of_opportunity_a,
          co_window_of_opportunity_c, co_window_paths_c,
          co_window_of_opportunity_b, co_window_paths_d, glass_columns_c,
          glass_columns_b, glass_columns_a, glass_columns_b, glass_columns_a,
          serial_shops, shop, uniq_duvessa
D:5:      basic_altar, first_bread
D:6:      nemelex_altar_shiori, portal_sewer_entry_b, uniq_edmund
D:7:      lemuel_coloured_pillars_altar, enter_bailey_1,
          kennysheep_generic_room_12
Sewer:    sewer_co_15_rooms
Bailey:   bailey_axe_4, bailey

Action                   |  1- 3 |  4- 6 |  7- 9 || total
-------------------------+-------+-------+-------++-------
Melee: Hand axe          |    13 |       |       ||    13
       Mace              |    69 |   228 |    79 ||   376
       Morningstar       |       |       |   222 ||   222
       War axe           |       |       |   171 ||   171
Invok: Berserk           |       |     1 |     7 ||     8
       Trog's Hand       |       |       |     1 ||     1
  Use: Scroll            |       |       |     8 ||     8
       Potion            |       |       |     1 ||     1
 Stab: Sleeping          |     1 |       |       ||     1
  Eat: Chunk             |       |     7 |    18 ||    25
